 Dungeon Crawl Stone Soup version 0.27.1 (webtiles) character file.

Game seed: 12297888116032528150

4057 r3algoood the Thaumaturge (level 10, -4/53 HPs)
             Began as a Deep Elf Conjurer on Aug 31, 2021.
             Slain by a troll (7 damage)
             ... on level 8 of the Dungeon.
             The game lasted 00:53:34 (17392 turns).

r3algoood the Thaumaturge (Deep Elf Conjurer)      Turns: 17392, Time: 00:53:34

Health: -4/53      AC:  3    Str:  4    XL:     10   Next: 4%
Magic:  3/27       EV: 13    Int: 27    God:
Gold:   607        SH:  5    Dex: 16    Spells: 18/32 levels left

rFire    . . .     SeeInvis .   G - +2 whip (vamp)
rCold    . . .     Faith    .   (no shield)
rNeg     . . .     Spirit   .   (no armour)
rPois    +         Reflect  +   (no helmet)
rElec    .         Harm     .   (no cloak)
rCorr    +         Rampage  .   r - +1 pair of gloves
Will     +++..                  b - +0 pair of boots
Stlth    +++.......             L - amulet of reflection
HPRegen  0.17/turn              s - ring of resist corrosion
MPRegen  0.20/turn              M - ring "Gonin" {*Slow rPois Will++ Dex+3}

@: no status effects
A: no striking features
a: no special abilities


You were on level 8 of the Dungeon.
You visited 1 branch of the dungeon, and saw 8 of its levels.

You collected 607 gold pieces.

Inventory:

Hand Weapons
 y - the +11 mace of the Slime-mould {spect, rElec rN++}
   (You took it off an orc on level 5 of the Dungeon)

   When its wielder attacks, the weapon's spirit leaps out and strikes again.
   The spirit shares a part of any damage it takes with its wielder.
   rElec:     It insulates you from electricity.
   rN:        It greatly protects you from negative energy.
 z - a +0 mace of protection
 B - a +1 dire flail of protection
 F - a +3 short sword of speed
 G - a +2 vampiric whip (weapon)
Armour
 a - a +0 robe
 b - a +0 pair of boots (worn)
 m - a +0 pair of gloves
 r - a +1 pair of gloves (worn)
Jewellery
 f - a +6 ring of strength
 h - a +6 ring of dexterity
 n - a ring of ice
 s - a ring of resist corrosion (left hand)
 v - an amulet of regeneration
 E - a ring of see invisible
 L - an amulet of reflection (around neck)
 M - the ring "Gonin" (right hand) {*Slow rPois Will++ Dex+3}
   (You found it on level 8 of the Dungeon)

   [ring of poison resistance]

   Dex:       It affects your dexterity (+3).
   rPois:     It protects you from poison.
   *Slow:     It may slow you when you take damage.
   Will:      It greatly increases your willpower.
Wands
 A - a wand of charming (9)
 D - a wand of iceblast (8)
 J - a wand of digging (5)
Scrolls
 d - 3 scrolls of magic mapping {unknown}
 e - 2 scrolls of teleportation
 g - 2 scrolls of immolation {unknown}
 i - a scroll of enchant weapon {unknown}
 k - 2 scrolls of enchant armour {unknown}
 l - 6 scrolls of identify
 o - 2 scrolls of blinking {unknown}
 p - 3 scrolls of acquirement {unknown}
 w - a scroll of vulnerability {unknown}
 x - a scroll of amnesia {unknown}
 I - a scroll of brand weapon {unknown}
 N - a scroll of fog {unknown}
Potions
 c - 2 potions of mutation {unknown}
 j - 4 potions of curing {unknown}
 q - 3 potions of heal wounds {unknown}
 t - 2 potions of invisibility {unknown}
 u - a potion of might {unknown}
 C - 2 potions of cancellation {unknown}
 H - a potion of attraction {unknown}
 K - a potion of ambrosia {unknown}
 O - a potion of flight {unknown}


   Skills:
 + Level 2.1 Fighting
 + Level 0.5 Maces & Flails
 + Level 4.0 Dodging
 + Level 5.9 Stealth
 + Level 1.0 Shields
 + Level 11.6 Spellcasting
 + Level 9.7 Conjurations
 + Level 6.8 Hexes
 + Level 1.2 Translocations


You had 18 spell levels left.
You knew the following spells:

 Your Spells              Type           Power      Damage    Failure   Level
a - Magic Dart            Conj           100%       1d8       1%          1
b - Searing Ray           Conj           100%       3d7       1%          2
c - Fulminant Prism       Conj/Hex       28%        3d14      1%          4
d - Tukima's Dance        Hex            52%        N/A       1%          3
e - Iskenderun's Mystic   Conj/Tloc      45%        2d10      3%          4

Your spell library contained the following spells:

 Spells                   Type           Power      Damage    Failure   Level
 Corona                   Hex            57%        N/A       1%          1
 Ensorcelled Hibernation  Hex/Ice        68%        N/A       1%          2
 Dazzling Flash           Conj/Hex       100%       N/A       1%          3


Dungeon Overview and Level Annotations

Branches:
Dungeon (8/15)             Temple (0/1) D:5
   Lair: D:8-11

Altars:
Cheibriados
Elyvilon
Nemelex Xobeh
Okawaru
Vehumet

Annotations:
D:5 1 runed translucent door, Crazy Yiuf


Message History

Your fulminant prism detonates feebly.
Casting: Fulminant Prism (dangerous; 1% risk of failure)
Confirm with . or Enter, or press ? or * to list all spells.
You don't have enough magic to cast this spell.
The troll bites you! The troll claws you. The troll closely misses you.
Casting: Fulminant Prism (dangerous; 1% risk of failure)
Confirm with . or Enter, or press ? or * to list all spells.
You erupt in a blast of force!
The mystic blast hits the troll!
The troll is moderately wounded.
The troll is knocked back by the mystic blast.
As you read the scroll of teleportation, it crumbles to dust.
You feel strangely unstable. The troll closely misses you. The troll claws you!
* * * LOW HITPOINT WARNING * * *
The troll closely misses you.
Your surroundings suddenly seem different.
You start resting.
A troll is nearby!
Casting: Iskenderun's Mystic Blast (dangerous; 3% risk of failure)
Confirm with . or Enter, or press ? or * to list all spells.
You don't know that spell.
Casting: Iskenderun's Mystic Blast (dangerous; 3% risk of failure)
Confirm with . or Enter, or press ? or * to list all spells.
Aiming: Fulminant Prism (dangerous; 1% risk of failure)
Press: ? - help, Dir - move target You conjure a prism of explosive energy!
A fulminant prism comes into view.
The troll bites your fulminant prism. The troll claws your fulminant prism!
Your fulminant prism detonates feebly.
Casting: Fulminant Prism (dangerous; 1% risk of failure)
Confirm with . or Enter, or press ? or * to list all spells.
You erupt in a blast of force!
The mystic blast hits the troll!
The troll is moderately wounded.
The troll is knocked back by the mystic blast.
The troll bites you!
* * * LOW HITPOINT WARNING * * *
The troll claws you!
* * * LOW HITPOINT WARNING * * *
The troll claws you!
You die...

## . #.# ###### ## .# #.# #.##.#
######. #.#### #.# #.#.## #.##..#
##...#### #.# ##..## #.###..
#....##.## #.###..## #.##.##
......##.# #..##..### ##...##
.........#######@......###.##.##
...#...........T.##..##...####.##
....##....######.##..####.## #.##
.##.###...# #..###..# ##.###...
###.#...#.# ##...##..# #.##..##
.......##.####.#>.###(# #....###
.###.......##.###..# .. ##......
.# #...........###.###.. #......#
T# #.##.........##..#... #.....##


You could see a troll.

Vanquished Creatures
  Eustachio (D:4)
  A steam dragon (D:7)
  3 orc warriors
  2 sky beasts (D:5)
  4 ogres
  2 wolves (D:8)
  7 centaurs (D:6)
  A phantom (D:5)
  A kobold brigand (D:7)
  A gnoll sergeant (D:6)
  6 bullfrogs
  A scorpion (D:5)
  4 wyvern zombies
  A water moccasin skeleton (D:7)
  8 wights
  8 hounds
  A centaur zombie (D:7)
  A bullfrog skeleton (D:4)
  6 orc priests
  An iguana (D:5)
  5 orc wizards
  A hound zombie (D:5)
  A hound skeleton (D:4)
  5 gnolls
  7 adders
  2 river rats (D:4)
  A shadow imp (D:6)
  3 white imps
  An adder skeleton (D:4)
  4 worms
  3 dart slugs
  29 orcs
  8 endoplasms
  5 giant cockroaches
  6 goblins
  9 hobgoblins
  A jackal (D:2)
  5 quokkas
  8 ball pythons
  4 bats (D:2)
  4 frilled lizards
  15 kobolds
  5 rats
  A butterfly (D:3)
  11 fulminant prisms
204 creatures vanquished.

Vanquished Creatures (collateral kills)
  A wight (D:8)
1 creature vanquished.

Vanquished Creatures (others)
  2 dancing weapons
  96 fulminant prisms
98 creatures vanquished.

Grand Total: 303 creatures vanquished

Notes
Turn   | Place    | Note
-------+----------+-------------------------------------------
     0 | D:1      | r3algoood the Deep Elf Conjurer began the quest for the
                  | Orb.
     0 | D:1      | Reached XP level 1. HP: 10/10 MP: 6/6
    68 | D:1      | Found a faded altar of an unknown god.
   174 | D:1      | Reached XP level 2. HP: 15/15 MP: 6/8
   512 | D:1      | Reached skill level 5 in Conjurations
   741 | D:2      | Reached XP level 3. HP: 19/19 MP: 3/9
  1131 | D:1      | Learned a level 2 spell: Searing Ray
  1422 | D:2      | Reached XP level 4. HP: 24/24 MP: 4/11
  2432 | D:3      | Found a white marble altar of Elyvilon.
  2483 | D:3      | Found a radiant altar of Vehumet.
  2531 | D:3      | Reached skill level 4 in Spellcasting
  2866 | D:3      | Found an iron altar of Okawaru.
  3009 | D:3      | Reached XP level 5. HP: 24/28 MP: 10/14
  3993 | D:4      | Reached skill level 5 in Spellcasting
  4116 | D:4      | Found a snail-covered altar of Cheibriados.
  4195 | D:5      | Entered Level 5 of the Dungeon
  4468 | D:5      | Learned a level 4 spell: Fulminant Prism
  4472 | D:5      | Learned a level 3 spell: Tukima's Dance
  4477 | D:5      | Learned a level 4 spell: Iskenderun's Mystic Blast
  4627 | D:4      | Noticed an ogre
  4646 | D:5      | Found a staircase to the Ecumenical Temple.
  4741 | D:4      | Killed an ogre
  4742 | D:4      | Reached XP level 6. HP: 19/32 MP: 6/16
  5237 | D:4      | Found a sparkling altar of Nemelex Xobeh.
  5329 | D:4      | Reached skill level 6 in Spellcasting
  5423 | D:4      | Reached skill level 1 in Hexes
  5699 | D:4      | Noticed Eustachio
  5712 | D:4      | Killed Eustachio
  5713 | D:4      | Reached XP level 7. HP: 36/36 MP: 4/19
  5911 | D:5      | Reached skill level 7 in Spellcasting
  6162 | D:5      | Reached skill level 1 in Fighting
  7132 | D:5      | Identified the +11 mace of the Slime-mould {spect, rElec
                  | rN++}
  7181 | D:5      | Reached skill level 8 in Spellcasting
  7184 | D:5      | Reached XP level 8. HP: 19/43 MP: 1/22
  7392 | D:5      | Found a runed translucent door.
  7393 | D:5      | Noticed Crazy Yiuf
  8067 | D:6      | Reached skill level 9 in Spellcasting
  9705 | D:6      | Reached skill level 5 in Hexes
 11033 | D:6      | Reached skill level 10 in Spellcasting
 11033 | D:6      | Reached XP level 9. HP: 9/47 MP: 19/25
 14125 | D:7      | Reached skill level 11 in Spellcasting
 14595 | D:7      | Reached skill level 5 in Stealth
 15457 | D:7      | Reached skill level 1 in Translocations
 16366 | D:8      | Identified the ring "Gonin" {*Slow rPois Will++ Dex+3}
 17311 | D:8      | Reached skill level 1 in Shields
 17315 | D:8      | Noticed a troll
 17322 | D:8      | Reached XP level 10. HP: 39/53 MP: 12/27
 17392 | D:8      | Slain by a troll

Illustrated notes

Levels and vault maps discovered:
D:1:      dpeg_arrival_stonehenge_8_columns, layout_rooms,
          hellmonk_ecumenical_altar_arch_garden, nrook_mini_vaults,
          chequers_jeans
D:2:      layout_loops_corners, grunt_ministairs_6, kennysheep_generic_room_7
D:3:      layout_loops_corners, amcnicky_altar_gilded,
          nicolae_vehumet_altar_sigil, nicolae_elyvilon_peaceful_grove,
          kennysheep_donut
D:4:      cheibrodos_barr_body, layout_basic, overflow_temple_1_default,
          mainiacjoe_overflow_surrounded_room, portal_sewer_entry_b,
          uniq_eustachio
D:5:      layout_loops_ring, minmay_temple_entry_junction,
          minmay_misc_feat_square, uniq_crazy_yiuf_cottage
D:6:      layout_basic, st_stairs_2, centaur_isle
D:7:      layout_basic, nicolae_ossuary_entry_plus, minmay_misc_feat_tower
D:8:      layout_layer_cave, erik_lair_island, dk_noncrumbling_4

Skill      XL: |  1  2  3  4  5  6  7  8  9 |
---------------+----------------------------+-----
Conjurations   | 5 6 7 8 9 |  9.7
Spellcasting   | 4 5 6 8 10 11 | 11.6
Stealth        | 3 4 5 |  5.9
Hexes          | 1 3 5 6 |  6.8
Dodging        | 3 4 |  4.0
Fighting       | 1 2 |  2.1
Translocations | 1 |  1.2
Shields        | 1 |  1.0
Maces & Flails | |  0.5

Action                   |  1- 3 |  4- 6 |  7- 9 | 10-12 || total
-------------------------+-------+-------+-------+-------++-------
Melee: Mace              |       |       |     2 |       ||     2
       Whip              |       |       |    19 |       ||    19
 Cast: Magic Dart        |    60 |   126 |    39 |       ||   225
       Fulminant Prism   |       |     6 |    98 |     3 ||   107
       Searing Ray       |       |     6 |    21 |       ||    27
       Iskenderun's Myst |       |     3 |    22 |     3 ||    28
       Tukima's Dance    |       |     1 |     6 |       ||     7
  Use: Scroll            |       |       |     3 |     1 ||     4
 Stab: Distracted        |       |       |     1 |       ||     1
Armor: Robe              |     5 |     3 |       |       ||     8
       Skin              |       |     5 |     8 |       ||    13
Dodge: Dodged            |     5 |    21 |    96 |     3 ||   125
Block: Other             |       |       |     2 |       ||     2
